 Dungeon Crawl Stone Soup version 0.17-a0-910-ga669010 (webtiles) character file.

2462 hornqvist the Cleaver (level 9, 0/64 HPs)
             Began as a Formicid Fighter on May 2, 2015.
             Was an Initiate of Gozag.
             Slain by Joseph
             ... wielding a +2 quarterstaff of holy wrath
              (2 damage)
             ... on level 8 of the Dungeon.
             The game lasted 00:06:57 (6771 turns).

hornqvist the Cleaver (Formicid Fighter)            Turns: 6771, Time: 00:06:57

Health: 0/64       AC:  9    Str: 32    XL:     9   Next: 79%
Magic:  9/9        EV: 11    Int: 12    God:    Gozag
Gold:   438        SH: 12    Dex: 10    Spells: 0 memorised, 8 levels left

rFire  . . .     SeeInvis +     a - +0 war axe
rCold  . . .     Clarity  .     m - +3 scale mail "Ugall" {-Tele Int+5}
rNeg   . . .     SustAb   +     c - +0 shield
rPois  .         Gourm    .     (helmet unavailable)
rElec  .         Spirit   .     (no cloak)
rCorr  .         Warding  .     (no gloves)
rMut   .         Stasis   +     (no boots)
MR     .....                    (no amulet)
Stlth  ..........               i - +2 ring of strength
                                n - ring of sustain abilities

@: mighty, drained, not resistant to hostile enchantments, extremely unstealthy
A: permanent stasis, dig shafts and tunnels, four strong arms, antennae 3
a: Dig, Shaft Self, Potion Petition, Call Merchant, Bribe Branch, Renounce
Religion


You were on level 8 of the Dungeon.
You worshipped Gozag.
Gozag was noncommittal.
You were very hungry.

You visited 2 branches of the dungeon, and saw 9 of its levels.

You collected 763 gold pieces.
You spent 216 gold pieces at shops.
You paid 109 gold pieces to Gozag.

Inventory:

Hand weapons
 a - a +0 war axe (weapon)
Armour
 b - a +0 scale mail
 c - a +0 shield (worn)
 m - the +3 scale mail "Ugall" (worn) {-Tele Int+5}
   (You bought it in a shop on level 6 of the Dungeon)

   It affects your intelligence (+5).
   It prevents most forms of teleportation.
 B - a +0 chain mail
Jewellery
 i - a +2 ring of strength (right hand)
 n - a ring of sustain abilities (left hand)
 E - an uncursed ring of flight {unknown}
Magical devices
 x - a wand of draining (5)
 F - a wand of lightning (10)
Scrolls
 f - 12 scrolls of identify
 h - 4 scrolls of remove curse
 j - 3 scrolls of random uselessness {unknown}
 k - 3 scrolls of blinking {unknown}
 o - a scroll of noise {unknown}
 p - a scroll of enchant armour {unknown}
 r - a scroll of recharging {unknown}
 s - 2 scrolls of fog {unknown}
 u - a scroll of enchant weapon {unknown}
 w - a scroll of fear {unknown}
 y - 2 scrolls of magic mapping {unknown}
 D - a scroll of teleportation {unknown}
Potions
 d - a potion of might
 l - a potion of resistance
 q - a potion of heal wounds {unknown}
 t - 2 potions of curing {unknown}
 v - a potion of agility {unknown}
 z - a potion of lignification {unknown}
 A - a potion of poison {unknown}
 C - 2 potions of invisibility {unknown}
Comestibles
 e - 5 bread rations
 g - 3 meat rations


   Skills:
 - Level 3.2(2.2) Fighting
 * Level 9.2(8.0) Axes
 - Level 3.2(2.2) Armour
 + Level 5.5(4.4) Dodging
 + Level 8.2(7.0) Shields


You had 8 spell levels left.
You didn't know any spells.

Dungeon Overview and Level Annotations

Branches:
Dungeon (8/15)             Temple (1/1) D:6            Lair (0/8) D:8

Altars:
Ashenzari
Dithmenos
Fedhas
Gozag
Kikubaaqudgha
Makhleb
Nemelex Xobeh
Okawaru
Qazlal
Ru
Sif Muna
Trog
Vehumet
Xom
Zin
The Shining One

Shops:
D:5 *   D:6 =**[   D:7 (

Annotations:
D:8 Joseph


Innate Abilities, Weirdness & Mutations

You are under a permanent stasis effect.
You can dig through walls and to a lower floor.
Your four strong arms can wield two-handed weapons with a shield.
You have a pair of large antennae on your head (SInv).


Message History

You take 8 damage, and have 30/64 hp.
You slash Joseph! You block Joseph's attack.
You slash Joseph!
Joseph zaps a wand.
The bolt of negative energy hits you!
You feel drained.
* * * LOW HITPOINT WARNING * * *
You take 28 damage, and have 2/64 hp.
MASSIVE DAMAGE!!
You are too injured to fight recklessly!
You are too injured to fight recklessly!
You are too injured to fight recklessly!
You are too injured to fight recklessly!
You are too injured to fight recklessly!
You are too injured to fight recklessly!
You are too injured to fight recklessly!
You are too injured to fight recklessly!
You slash Joseph! You block Joseph's attack.
Unknown command.
You barely miss Joseph.
Joseph hits you with an uncursed quarterstaff of holy wrath.
You die...
Your body crumbles into a pile of gold.

. . .. .... .. .....
#.#...... ##.........
........ #..#.. # ###.@.#
... $ #...@.# ..#
#...$$##..# ## #...(..#..#
.############....#.#..#
.##...................#
..#......####.....?.#.#####
.........####..............<
..................#.#.#####
...(......#######.#...#


You could see Joseph.

Vanquished Creatures
  Grinder (D:5)
  The ghost of Charly the Covert, an average OpAs of Dithmenos (D:8)
  Sigmund (D:4)
  A hippogriff (D:7)
  Edmund (D:6)
  An ice beast (D:6)
  An orc warrior (D:8)
  A sky beast (D:6)
  A phantom (D:4)
  2 centaurs
  2 giant frogs
  A scorpion (D:5)
  5 crimson imps
  4 hounds
  An orc priest (D:7)
  A jelly (D:6)
  Ijyb (D:3)
  A centaur skeleton (D:8)
  2 gnoll shamans
  4 orc wizards
  3 worker ants
  3 iguanas (D:7)
  11 gnolls
  An adder (D:6)
  2 oozes
  An adder zombie (D:5)
  2 worms
  5 giant geckos
  15 orcs
  A bat skeleton (D:4)
  6 giant cockroaches
  11 hobgoblins
  16 jackals
  4 quokkas
  3 ball pythons
  8 bats
  6 giant newts
  20 goblins
  14 kobolds
  12 rats
  2 ballistomycetes (D:8)
179 creatures vanquished.

Vanquished Creatures (others)
  A giant spore (D:8)
1 creature vanquished.

Grand Total: 180 creatures vanquished

Notes
Turn   | Place    | Note
--------------------------------------------------------------
     0 | D:1      | hornqvist, the Formicid Fighter, began the quest for the Orb.
     0 | D:1      | Reached XP level 1. HP: 18/18 MP: 1/1
    74 | D:1      | Found a glowing golden altar of the Shining One.
   125 | D:1      | Reached XP level 2. HP: 20/24 MP: 2/2
   614 | D:1      | Reached XP level 3. HP: 26/29 MP: 3/3
   624 | D:1      | Reached skill level 1 in Dodging
   635 | D:1      | Reached skill level 4 in Shields
  1236 | D:2      | Reached XP level 4. HP: 35/35 MP: 4/4
  1603 | D:2      | Found a sacrificial altar of Ru.
  2318 | D:3      | Reached XP level 5. HP: 38/41 MP: 5/5
  2387 | D:3      | Noticed Ijyb
  2406 | D:3      | Killed Ijyb
  2650 | D:4      | Noticed a phantom
  2689 | D:4      | Killed a phantom
  2689 | D:4      | Reached XP level 6. HP: 21/47 MP: 6/6
  2744 | D:4      | Noticed Sigmund
  2760 | D:4      | Reached skill level 5 in Shields
  2782 | D:4      | Killed Sigmund
  2782 | D:4      | Reached skill level 5 in Axes
  2782 | D:4      | Reached XP level 7. HP: 12/52 MP: 7/7
  3601 | D:5      | Entered Level 5 of the Dungeon
  3607 | D:5      | Noticed Grinder
  3638 | D:5      | Killed Grinder
  3683 | D:5      | Reached skill level 6 in Axes
  3910 | D:5      | Found Qioliasi's Assorted Antiques.
  3933 | D:5      | Reached XP level 8. HP: 47/58 MP: 8/8
  4527 | D:6      | Found a staircase to the Ecumenical Temple.
  4562 | Temple   | Entered the Ecumenical Temple
  4699 | Temple   | Became a worshipper of Gozag Ym Sagoz the Greedy
  4727 | D:6      | Noticed Edmund
  4751 | D:6      | Killed Edmund
  4751 | D:6      | Reached skill level 7 in Axes
  4932 | D:6      | Found Betacoes's Antique Armour Boutique.
  4957 | D:6      | Bought a dazzling scale mail for 216 gold pieces
  4967 | D:6      | Identified the +3 scale mail "Ugall" {-Tele Int+5} (You bought it in a shop on level 6 of the Dungeon)
  5096 | D:6      | Found Borunom's General Store.
  5117 | D:6      | Found Fahage Necs's Assorted Antiques.
  5195 | D:6      | Found Bioc Usat's Jewellery Shop.
  5563 | D:7      | Reached XP level 9. HP: 37/64 MP: 9/9
  5896 | D:7      | Reached skill level 8 in Axes
  6004 | D:7      | Found Zadwaoq's Weapon Emporium.
  6054 | D:7      | Reached skill level 5 in Dodging
  6113 | D:7      | Found an iron altar of Okawaru.
  6113 | D:7      | Found a sparkling altar of Nemelex Xobeh.
  6115 | D:7      | Found a shadowy altar of Dithmenos.
  6308 | D:7      | Found a blossoming altar of Fedhas.
  6449 | D:8      | Found a staircase to the Lair.
  6727 | D:8      | Reached skill level 9 in Axes
  6757 | D:8      | Noticed Charly's ghost (average OpAs)
  6760 | D:8      | Noticed Joseph
  6762 | D:8      | Killed Charly's ghost
  6769 | D:8      | HP: 2/64 [Joseph/wand of draining (29)]
  6771 | D:8      | Slain by Joseph

Action                   |  1- 3 |  4- 6 |  7- 9 || total
-------------------------+-------+-------+-------++-------
Melee: War axe           |    97 |   191 |   447 ||   735
  Use: Scroll            |       |     2 |       ||     2
       Potion            |       |       |     1 ||     1
  Eat: Chunk             |     1 |     5 |     5 ||    11
       Royal jelly       |       |       |     1 ||     1
       Pizza             |       |       |     1 ||     1
       Bread ration      |       |       |     1 ||     1
